SNL (28 & UNDER)
BLACKIRON DRAGONS @ WEST VIRGINIA POWER
06/06/2025
 
TOP OF THE 1ST
BlackIron Dragons batting - Pitching for West Virginia Power : RHP Aaron Thrash
Pitching: RHP Aaron Thrash
Batting: RHB Mark Arnold 0-0: Ball
1-0: Ball
2-0: Ball
3-0: Base on Balls
Batting: RHB Boyd Pittman 0-0: Foul Ball, location: 2F
0-1: Ball
1-1: Called Strike
1-2: Strikes out swinging
Batting: RHB Gil Palmer 0-0: Foul Ball, location: 2F
0-1: Foul Ball, location: 2F
0-2: Fly out, F7 (Flyball, 7LD)
Batting: SHB Rick Turner 0-0: Ball
1-0: Ball
2-0: Foul Ball, location: 2F
2-1: Ground out 1-3 (Groundball, 13)
Top of the 1st over - 0 run(s), 0 hit(s), 0 error(s), 1 left on base; BlackIron 0 - West Virginia 0
BOTTOM OF THE 1ST
West Virginia Power batting - Pitching for BlackIron Dragons : RHP Fernando Mendoza
Pitching: RHP Fernando Mendoza
Batting: LHB Júlio Martínez 0-0: Ball
1-0: Ball
2-0: Ball
3-0: Called Strike
3-1: Foul Ball, location: 2F
3-2: Strikes out swinging
Batting: RHB Dave McGrath 0-0: Called Strike
0-1: Swinging Strike
0-2: Foul Ball, location: 2F
0-2: Ball
1-2: Ball
2-2: Strikes out swinging
Batting: LHB Bernardo Montés 0-0: Ball
1-0: Swinging Strike
1-1: Foul Ball, location: 2F
1-2: Strikes out looking
Bottom of the 1st over - 0 run(s), 0 hit(s), 0 error(s), 0 left on base; BlackIron 0 - West Virginia 0
TOP OF THE 2ND
BlackIron Dragons batting - Pitching for West Virginia Power : RHP Aaron Thrash
Batting: RHB Frank Maxwell 0-0: Ball
1-0: Ball
2-0: DOUBLE (Line Drive, 7LS)
Batting: LHB Culley Vaughan 0-0: Ball
1-0: Ball
2-0: Ball
3-0: Called Strike
3-1: SINGLE (Line Drive, 89S)
Frank Maxwell to third
Batting: RHB Luis Méndez 0-0: Ball
1-0: Ball
2-0: Ball
3-0: Called Strike
3-1: Called Strike
3-2: SINGLE (Popup, 89S)
Frank Maxwell scores
Culley Vaughan to second
Culley Vaughan to third
Batting: LHB Tommy Payne 0-0: Ball
1-0: SINGLE (Groundball, 4MD) (infield hit)
Culley Vaughan scores
Luis Méndez to second
Batting: RHB Eugene Payne 0-0: Called Strike
0-1: Ball
1-1: Called Strike
1-2: SINGLE (Flyball, 78S)
Luis Méndez to third
Tommy Payne to second
Batting: RHB Mark Arnold 0-0: Ball
1-0: Swinging Strike
1-1: Foul Ball, location: 2F
1-2: Foul Ball, location: 2F
1-2: Ground out 5-3 (Groundball, 5S)
Luis Méndez scores
Tommy Payne to third
Eugene Payne to second
Batting: RHB Boyd Pittman 0-0: Foul Ball, location: 2F
0-1: Swinging Strike
0-2: Strikes out looking
Batting: RHB Gil Palmer 0-0: Ball
1-0: Ground out 1-3 (Groundball, 25)
Top of the 2nd over - 3 run(s), 5 hit(s), 0 error(s), 2 left on base; BlackIron 3 - West Virginia 0
BOTTOM OF THE 2ND
West Virginia Power batting - Pitching for BlackIron Dragons : RHP Fernando Mendoza
Batting: RHB Roberto Tobías 0-0: Swinging Strike
0-1: Foul Ball, location: 2F
0-2: Reached on error, E5 (Groundball, 5S)
Batting: LHB Jesús Ángel 0-0: Ball
1-0: Ball
2-0: Called Strike
2-1: Ball
3-1: Foul Ball, location: 2F
3-2: Fly out, F7 (Flyball, 7LS)
Batting: RHB Gonzalo Gil 0-0: Ball
1-0: Ball
2-0: Ball
3-0: Base on Balls
Roberto Tobías to second
Batting: RHB Jesse McKnight 0-0: Swinging Strike
0-1: Ball
1-1: Ball
2-1: Ball
3-1: Base on Balls
Roberto Tobías to third
Gonzalo Gil to second
Batting: LHB Héctor Cruz 0-0: Foul Ball, location: 2F
0-1: Swinging Strike
0-2: Ball
1-2: Ball
2-2: Fly out, F7 (Flyball, 7M)
Batting: RHB Norberto Márquez 0-0: Ball
1-0: Foul Ball, location: 2F
1-1: Ball
2-1: Foul Ball, location: 2F
2-2: Ball
3-2: Strikes out looking
Bottom of the 2nd over - 0 run(s), 0 hit(s), 1 error(s), 3 left on base; BlackIron 3 - West Virginia 0
TOP OF THE 3RD
BlackIron Dragons batting - Pitching for West Virginia Power : RHP Aaron Thrash
Batting: SHB Rick Turner 0-0: Ball
1-0: Ball
2-0: Called Strike
2-1: Fly out, F7 (Flyball, 7S)
Batting: RHB Frank Maxwell 0-0: Ball
1-0: Swinging Strike
1-1: Swinging Strike
1-2: Ball
2-2: SOLO HOME RUN (Flyball, 78XD), Distance : 410 ft
Batting: LHB Culley Vaughan 0-0: Ball
1-0: Called Strike
1-1: Fly out, F7 (Flyball, 7M)
Batting: RHB Luis Méndez 0-0: Called Strike
0-1: Called Strike
0-2: Strikes out swinging
Top of the 3rd over - 1 run(s), 1 hit(s), 0 error(s), 0 left on base; BlackIron 4 - West Virginia 0
BOTTOM OF THE 3RD
West Virginia Power batting - Pitching for BlackIron Dragons : RHP Fernando Mendoza
Batting: LHB Júlio Martínez 0-0: Ball
1-0: Swinging Strike
1-1: Foul Ball, location: 2F
1-2: Ground out U3 (Groundball, 3S)
Batting: RHB Dave McGrath 0-0: Ball
1-0: Foul Ball, location: 2F
1-1: Ball
2-1: Foul Ball, location: 2F
2-2: SINGLE (Line Drive, 7LM)
Batting: LHB Bernardo Montés 0-0: Ball
1-0: Called Strike
1-1: Ball
2-1: Ball
3-1: Called Strike
3-2: SINGLE (Line Drive, 4D)
Dave McGrath to second
Dave McGrath to third
Batting: RHB Roberto Tobías 0-0: Ball
1-0: Called Strike
1-1: Foul Ball, location: 2F
1-2: Reached on error, E5 (Groundball, 5)
Dave McGrath scores
Bernardo Montés to second
Batting: LHB Jesús Ángel 0-0: Reached on error, E1 (Groundball, 15)
Bernardo Montés to third
Roberto Tobías to second
Batting: RHB Gonzalo Gil 0-0: Called Strike
0-1: SINGLE (Line Drive, 8LS)
Bernardo Montés scores
Roberto Tobías to third
Jesús Ángel to second
Batting: RHB Jesse McKnight 0-0: DOUBLE (Groundball, 3L)
Roberto Tobías scores
Jesús Ángel scores
Gonzalo Gil to third
Batting: LHB Héctor Cruz 0-0: Fly out, F8 (Flyball, 8RM)
Runner from 3rd tags up, SCORES, no throw
Batting: RHB Norberto Márquez 0-0: 2-RUN HOME RUN (Line Drive, 7LD), Distance : 344 ft
Batting: LHB Júlio Martínez 0-0: Ball
1-0: Ball
2-0: Foul Ball, location: 2F
2-1: TRIPLE (Line Drive, 78M)
Batting: RHB Dave McGrath 0-0: Called Strike
0-1: Swinging Strike
0-2: Strikes out swinging
Bottom of the 3rd over - 7 run(s), 6 hit(s), 2 error(s), 1 left on base; BlackIron 4 - West Virginia 7
TOP OF THE 4TH
BlackIron Dragons batting - Pitching for West Virginia Power : RHP Aaron Thrash
Batting: LHB Tommy Payne 0-0: Called Strike
0-1: Ground out 4-3 (Groundball, 4)
Batting: RHB Eugene Payne 0-0: Ball
1-0: Ball
2-0: Ground out 4-3 (Groundball, 4)
Batting: RHB Mark Arnold 0-0: Ball
1-0: Ball
2-0: SINGLE (Line Drive, 34)
Batting: RHB Boyd Pittman 0-0: Called Strike
0-1: Foul Ball, location: 2F
0-2: Fielders Choice at 2nd, 6-4 (Groundball, 6)
Top of the 4th over - 0 run(s), 1 hit(s), 0 error(s), 0 left on base; BlackIron 4 - West Virginia 7
BOTTOM OF THE 4TH
West Virginia Power batting - Pitching for BlackIron Dragons : RHP Fernando Mendoza
Batting: LHB Bernardo Montés 0-0: Fly out, F7 (Flyball, 7M)
Batting: RHB Roberto Tobías 0-0: Foul Ball, location: 2F
0-1: Ball
1-1: Swinging Strike
1-2: Ball
2-2: Ball
3-2: Foul Ball, location: 2F
3-2: Foul Ball, location: 2F
3-2: Foul Ball, location: 2F
3-2: Foul Ball, location: 2F
3-2: Base on Balls
Batting: LHB Jesús Ángel 0-0: Called Strike
0-1: Ball
1-1: SINGLE (Line Drive, 56D)
Roberto Tobías to second
Pitching: LHP Nick Walters
Batting: RHB Gonzalo Gil 0-0: Ball
1-0: SINGLE (Line Drive, 6M)
Roberto Tobías to third
Jesús Ángel to second
Batting: RHB Jesse McKnight 0-0: Ball
1-0: Called Strike
1-1: Swinging Strike
1-2: Ball
2-2: Strikes out swinging
Pitching: RHP Jayson Simms
Batting: LHB Héctor Cruz 0-0: Ball
1-0: Fly out, F8 (Flyball, 8LM)
Bottom of the 4th over - 0 run(s), 2 hit(s), 0 error(s), 3 left on base; BlackIron 4 - West Virginia 7
TOP OF THE 5TH
BlackIron Dragons batting - Pitching for West Virginia Power : RHP Aaron Thrash
Batting: RHB Gil Palmer 0-0: Called Strike
0-1: Ball
1-1: Called Strike
1-2: Foul Ball, location: 2F
1-2: Strikes out swinging
Batting: SHB Rick Turner 0-0: Ball
1-0: Ball
2-0: Called Strike
2-1: Foul Ball, location: 2F
2-2: Foul Ball, location: 2F
2-2: Strikes out swinging
Batting: RHB Frank Maxwell 0-0: Called Strike
0-1: Foul Ball, location: 2F
0-2: Ground out 5-3 (Groundball, 15S)
Top of the 5th over - 0 run(s), 0 hit(s), 0 error(s), 0 left on base; BlackIron 4 - West Virginia 7
BOTTOM OF THE 5TH
West Virginia Power batting - Pitching for BlackIron Dragons : RHP Jayson Simms
Batting: RHB Norberto Márquez 0-0: Called Strike
0-1: SINGLE (Line Drive, 56D)
Batting: LHB Júlio Martínez 0-0: Called Strike
0-1: Called Strike
0-2: Ball
1-2: Ball
2-2: Foul Ball, location: 2F
2-2: Strikes out looking
Batting: RHB Dave McGrath 0-0: Swinging Strike
0-1: Ball
1-1: Called Strike
Norberto Márquez steals 2nd base
1-2: Strikes out swinging
Batting: LHB Bernardo Montés 0-0: Ball
1-0: Ball
2-0: Foul Ball, location: 2F
2-1: Called Strike
2-2: Ball
3-2: Strikes out swinging
Bottom of the 5th over - 0 run(s), 1 hit(s), 0 error(s), 1 left on base; BlackIron 4 - West Virginia 7
TOP OF THE 6TH
BlackIron Dragons batting - Pitching for West Virginia Power : RHP Aaron Thrash
Batting: LHB Culley Vaughan 0-0: Called Strike
0-1: Swinging Strike
0-2: Ball
1-2: Ball
2-2: Ball
3-2: Foul Ball, location: 2F
3-2: Strikes out swinging
Batting: RHB Luis Méndez 0-0: Foul Ball, location: 2F
0-1: Foul Ball, location: 2F
0-2: Foul Ball, location: 2F
0-2: Foul Ball, location: 2F
0-2: Strikes out looking
Batting: LHB Tommy Payne 0-0: Fly out, F7 (Popup, 78S)
Top of the 6th over - 0 run(s), 0 hit(s), 0 error(s), 0 left on base; BlackIron 4 - West Virginia 7
BOTTOM OF THE 6TH
West Virginia Power batting - Pitching for BlackIron Dragons : RHP Jayson Simms
Batting: RHB Roberto Tobías 0-0: Called Strike
0-1: Ball
1-1: Ball
2-1: Ball
3-1: Base on Balls
Batting: LHB Jesús Ángel 0-0: Ball
1-0: Swinging Strike
1-1: Ball
2-1: Foul Ball, location: 2F
2-2: Strikes out swinging
Batting: RHB Gonzalo Gil 0-0: Foul Ball, location: 2F
0-1: Foul Ball, location: 2F
0-2: Ball
1-2: Strikes out looking
Batting: RHB Jesse McKnight Pickoff Throw to First - Out!
Bottom of the 6th over - 0 run(s), 0 hit(s), 0 error(s), 0 left on base; BlackIron 4 - West Virginia 7
TOP OF THE 7TH
BlackIron Dragons batting - Pitching for West Virginia Power : RHP Aaron Thrash
Pitching: RHP Germán Hernández
Batting: RHB Eugene Payne 0-0: Called Strike
0-1: SINGLE (Line Drive, 89M)
Batting: RHB Mark Arnold 0-0: Swinging Strike
0-1: Ball
1-1: Swinging Strike
1-2: Ground out 5-3 (Groundball, 5S)
Eugene Payne to second
Batting: RHB Boyd Pittman 0-0: Foul Ball, location: 2F
0-1: Ball
1-1: Ball
Eugene Payne steals 3rd base
2-1: Ball
3-1: Base on Balls
Batting: RHB Gil Palmer 0-0: Ball
1-0: SINGLE (Line Drive, 7LS)
Eugene Payne scores
Boyd Pittman to second
Batting: SHB Rick Turner 0-0: Grounds into double play, 6-4-3 (Groundball, 6)
Top of the 7th over - 1 run(s), 2 hit(s), 0 error(s), 1 left on base; BlackIron 5 - West Virginia 7
BOTTOM OF THE 7TH
West Virginia Power batting - Pitching for BlackIron Dragons : RHP Jayson Simms
Pitching: RHP Bret McJannett
Batting: RHB Jesse McKnight 0-0: Fly out, F9 (Flyball, 9M)
Batting: LHB Héctor Cruz 0-0: Called Strike
0-1: Ball
1-1: SINGLE (Flyball, 7LS)
Batting: RHB Norberto Márquez 0-0: Foul Ball, location: 2F
0-1: Swinging Strike
0-2: Ball
1-2: Foul Ball, location: 2F
1-2: Ball
2-2: Strikes out swinging
Batting: LHB Júlio Martínez 0-0: Ball
1-0: Foul Ball, location: 2F
1-1: Foul Ball, location: 2F
1-2: Strikes out swinging
Bottom of the 7th over - 0 run(s), 1 hit(s), 0 error(s), 1 left on base; BlackIron 5 - West Virginia 7
TOP OF THE 8TH
BlackIron Dragons batting - Pitching for West Virginia Power : RHP Germán Hernández
Batting: RHB Frank Maxwell 0-0: Called Strike
0-1: Ball
1-1: Ball
2-1: Ball
3-1: Base on Balls
Pitching: RHP Mike Frank
Batting: LHB Culley Vaughan 0-0: Ground out U3 (Groundball, 3S)
Frank Maxwell to second
Batting: RHB Luis Méndez 0-0: Swinging Strike
0-1: Ball
1-1: Foul Ball, location: 2F
1-2: Strikes out looking
Pitching: LHP Edmond Summers
Batting: LHB Tommy Payne 0-0: Ball
1-0: Ball
2-0: Foul Ball, location: 2F
2-1: Ball
3-1: Foul Ball, location: 2F
3-2: Strikes out swinging
Top of the 8th over - 0 run(s), 0 hit(s), 0 error(s), 1 left on base; BlackIron 5 - West Virginia 7
BOTTOM OF THE 8TH
West Virginia Power batting - Pitching for BlackIron Dragons : RHP Bret McJannett
Batting: RHB Dave McGrath 0-0: Foul Ball, location: 2F
0-1: Ground out 1-3 (Groundball, 15S)
Batting: LHB Bernardo Montés 0-0: Ball
1-0: Called Strike
1-1: Ball
2-1: Foul Ball, location: 2F
2-2: Ground out U3 (Groundball, 3)
Batting: RHB Roberto Tobías 0-0: Foul Ball, location: 2F
0-1: Foul Ball, location: 2F
0-2: Foul Ball, location: 2F
0-2: Strikes out swinging
Bottom of the 8th over - 0 run(s), 0 hit(s), 0 error(s), 0 left on base; BlackIron 5 - West Virginia 7
TOP OF THE 9TH
BlackIron Dragons batting - Pitching for West Virginia Power : LHP Edmond Summers
Pitching: RHP Mitch Irwin
Batting: RHB Eugene Payne 0-0: Ball
1-0: Called Strike
1-1: Ball
2-1: Foul Ball, location: 2F
2-2: Strikes out swinging
Batting: RHB Mark Arnold 0-0: Called Strike
0-1: Ball
1-1: Swinging Strike
1-2: Strikes out swinging
Batting: RHB Boyd Pittman 0-0: Swinging Strike
0-1: Ball
1-1: Called Strike
1-2: Hit by Pitch
Batting: RHB Gil Palmer 0-0: Foul Ball, location: 2F
0-1: Called Strike
0-2: Ball
1-2: Ball
2-2: Foul Ball, location: 2F
2-2: Strikes out swinging
Top of the 9th over - 0 run(s), 0 hit(s), 0 error(s), 1 left on base; BlackIron 5 - West Virginia 7
This league is powered by Out of the Park Baseball, the baseball management simulation game for PC, Mac and Linux
Tuesday, August 2nd, 2016 - OOTP Baseball 16.8 Build 38